 Dungeon Crawl Stone Soup version 0.29.0-5-ge4962eb29e (webtiles) character file.

Game seed: 12143738058313831268

37 sanka the Ruffian (level 3, 0/36 HPs)
             Began as a Troll Monk on Aug 29, 2022.
             Constricted to death by Ijyb (2 damage)
             ... on level 3 of the Dungeon.
             The game lasted 00:01:33 (1418 turns).

sanka the Ruffian (Troll Monk)                      Turns: 1418, Time: 00:01:34

Health: 0/36       AC:  5    Str: 21    XL:     3   Next: 21%
Magic:  0/2        EV:  7    Int:  6    God:
Gold:   99         SH:  0    Dex: 12    Spells: 2/2 levels left

rFire   . . .      SeeInvis .     - Unarmed
rCold   . . .      Faith    .   (no shield)
rNeg    . . .      Spirit   +   a - +0 robe
rPois   .          Reflect  .   (helmet restricted)
rElec   .          Harm     .   n - +0 cloak
rCorr   .          Rampage  .   (gloves unavailable)
Will    .....                   (boots unavailable)
Stlth   ++........              d - amulet of guardian spirit
HPRegen 0.92/turn               (no ring)
MPRegen 0.08/turn               (no ring)

@: grasped by roots, constricted
A: large, unfitting armour, claws 3, regeneration 1, shaggy fur 1, tough skin 1
a: no special abilities


You were on level 3 of the Dungeon.
You visited 1 branch of the dungeon, and saw 3 of its levels.

You collected 99 gold pieces.


Innate Abilities, Weirdness & Mutations

You are too large for most types of armour.
You have claws for hands.
Your natural rate of healing is unusually fast.
You are covered in fur. (AC +1)
You have tough skin. (AC +1)


   Skills:
 - Level 2.4 Fighting
 - Level 2.4 Dodging
 - Level 1.0 Stealth
 + Level 4.3 Unarmed Combat


You had 2 spell levels left.
You didn't know any spells.
Your spell library contained the following spells:

 Spells                   Type           Power      Damage    Failure   Level
 Gell's Gravitas          Tloc           0%         N/A       83%         3
 Lesser Beckoning         Tloc           0%         N/A       83%         3
 Ozocubu's Armour         Ice            0%         N/A       83%         3
 Teleport Other           Tloc           0%         N/A       83%         3
 Ozocubu's Refrigeration  Ice            0%         4d7       100%        7

Inventory:

Missiles
 j - 5 javelins (quivered)
Armour
 a - a +0 robe (worn)
 n - a +0 cloak (worn)
Jewellery
 d - an amulet of guardian spirit (around neck)
Scrolls
 c - 2 scrolls of teleportation {unknown}
 k - a scroll of acquirement {unknown}
 m - a scroll of fear {unknown}
Potions
 b - a potion of ambrosia
 e - a potion of curing {unknown}
 f - a potion of flight {unknown}
 g - a potion of degeneration {unknown}
 h - 2 potions of heal wounds {unknown}
 i - a potion of brilliance {unknown}
 l - a potion of might {unknown}
 o - a potion of haste {unknown}

Dungeon Overview and Level Annotations

Branches:
Dungeon (3/15)

Altars:
Trog

Annotations:
D:3 Ijyb

▒▒▒......▒▒.▒▒.▒............▒▒▒
..........)..........▒..[...▒
.....................▒▒▒▒▒▒▒▒
.....................▒
.....................▒
.....................▒▒.
........>...............
.............?...g......
................T.......
.................w...▒▒▒
.....................▒
..................£..▒
.........▒▒▒▒▒▒▒▒▒...▒
........▒ ...▒ ....... ...▒
...▒ ..▒


You could see Ijyb and a dart slug.


Message History

* * * LOW HITPOINT WARNING * * *
The dart slug bites you but does no damage.
The grasping roots release their grip on you.
You closely miss Ijyb.
Ijyb is heavily wounded.
Ijyb hits you with a +5 club.
* * * LOW HITPOINT WARNING * * *
Unknown command.
You scratch Ijyb but do no damage.
Ijyb is heavily wounded.
The dart slug launches a dart at you. The slug dart misses you.
Ijyb hits you but does no damage.
Unknown command.
You closely miss Ijyb.
Ijyb is heavily wounded.
Ijyb zaps a wand.
The roots erupt in riotous growth!
The grasping roots grab you!
Ijyb is unaffected.
The dart slug is unaffected.
The grasping roots constrict you.
* * * LOW HITPOINT WARNING * * *
You scratch Ijyb.
Ijyb is severely wounded.
The dart slug bites you but does no damage.
Ijyb hits you with a +5 club.
* * * LOW HITPOINT WARNING * * *
The grasping roots constrict you.
You die...

Action                   || total
-------------------------++-------
Melee: Unarmed           ||    59
 Stab: Sleeping          ||     1
Armor: Robe              ||    14
Dodge: Dodged            ||    19

Levels and vault maps discovered:
D:1:      dpeg_arrival_prison, layout_basic
D:2:      layout_basic, basic_altar, chequers_ecumenical_altar_simple_redux
D:3:      layout_basic, ebering_ghost_rock_garden, uniq_ijyb

Notes
Turn   | Place    | Note
-------+----------+-------------------------------------------
     0 | D:1      | sanka the Troll Monk began the quest for the Orb.
     0 | D:1      | Reached XP level 1. HP: 22/22 MP: 0/0
   166 | D:1      | Reached XP level 2. HP: 26/29 MP: 1/1
   366 | D:1      | Reached skill level 4 in Unarmed Combat
   896 | D:2      | Reached XP level 3. HP: 36/36 MP: 2/2
   914 | D:2      | Found a bloodstained altar of Trog.
  1287 | D:2      | Found a faded altar of an unknown god.
  1407 | D:3      | Noticed Ijyb
  1418 | D:3      | HP: 2/36 [Ijyb/+5 club (5)]
  1418 | D:3      | Constricted to death by Ijyb

Vanquished Creatures
  A dart slug (D:2)
  3 bats (D:1)
  4 endoplasms
  4 giant cockroaches (D:1)
  4 goblins
  3 hobgoblins
  2 quokkas
  3 ball pythons (D:1)
  A frilled lizard (D:1)
  3 kobolds
  2 rats (D:1)
30 creatures vanquished.
